Map: Radhuset Station LE

Players

Adonis

  • Race: Protoss Protoss
  • League: Grandmaster
  • Spawn Location: 7:00

PiG - Winner!

  • Race: Zerg Zerg
  • League: Master
  • Spawn Location: 1:00

VOD

Have the link to the VOD?

Description

Time

  • Played on: Oct. 28, 2023, 3:59 p.m.
  • Length: 24:10
Show
View Real Time Build Order
Export as new Build Order

Adonis Protoss 

Build Orders: Nexus First 

Get SALT Encoding   

  12  0:00  Probe  
  13  0:12  Probe  
  14  0:20  Pylon  
  14  0:24  Probe  
  15  0:38  Probe  
  16  0:57  Nexus  
  16  1:06  Gateway  
  16  1:09  Probe (Chrono Boost)  
  18  1:19  Assimilator, Probe (Chrono Boost)  
  18  1:24  Probe (Chrono Boost)  
  18  1:27  Assimilator  
  19  1:33  Pylon  
  19  1:37  Probe (Chrono Boost)  
  21  1:47  Probe (Chrono Boost)  
  21  1:53  Probe  
  21  1:56  Cybernetics Core  
  22  2:05  Probe (Chrono Boost)  
  23  2:11  Probe (Chrono Boost)  
  25  2:16  Probe (Chrono Boost)  
  25  2:19  Probe (Chrono Boost)  
  25  2:21  Forge  
  25  2:22  Probe (Chrono Boost)  
  27  2:28  Probe  
  28  2:31  Probe  
  28  2:32  Warp Gate  
  28  2:36  Stalker  
  31  2:46  Twilight Council, Probe  
  31  2:49  Probe  
  33  2:58  Probe  
  33  3:00  Protoss Ground Weapons Level 1  
  33  3:01  Probe  
  35  3:10  Probe  
  36  3:13  Probe  
  36  3:19  Robotics Facility  
  37  3:23  Pylon, Charge (Chrono Boost)  
  37  3:47  Gateway  
  37  3:48  Gateway  
  37  3:50  Gateway x2  
  37  3:54  Gateway  
  37  3:56  Gateway  
  37  3:59  Gateway  
  37  4:03  Warp Prism (Chrono Boost)  
  39  4:15  Pylon  
  39  4:19  Pylon, Probe x2  
  41  4:31  Probe x2  
  41  4:32  Assimilator  
  41  4:33  Assimilator  
  43  4:43  Probe x2  
  45  4:55  Probe  
  45  4:57  Zealot x7  
  45  4:58  Zealot  
  60  5:18  Zealot x5  
  60  5:19  Zealot  
  62  5:22  Zealot  
  60  5:33  Robotics Bay  
  60  5:35  Zealot  
  60  5:37  Probe x2  
  56  5:53  Pylon  
  56  5:54  Observer (Chrono Boost)  
  57  6:02  Probe x2  
  59  6:05  Nexus  
  59  6:06  Pylon  
  59  6:21  Disruptor (Chrono Boost), Photon Cannon  
  59  6:23  Shield Battery  
  59  6:25  Gravitic Drive  
  63  6:30  Stargate  
  63  6:31  Probe x2  
  65  6:43  Probe x2 (Chrono Boost)  
  67  6:49  Disruptor, Assimilator  
  67  6:51  Assimilator  
  73  6:55  Probe x2 (Chrono Boost)  
  73  7:00  Probe x2 (Chrono Boost)  
  75  7:04  Stalker x2, Pylon  
  79  7:09  Probe  
  79  7:10  Probe  
  81  7:22  Probe x2  
  83  7:26  Fleet Beacon  
  83  7:27  Stargate  
  83  7:29  Probe  
  84  7:31  Stargate  
  84  7:34  Probe x2  
  84  7:35  Observer  
  87  7:41  Probe, Pylon x2  
  88  7:46  Probe x2  
  90  7:53  Probe  
  90  7:58  Probe  
  92  8:05  Probe  
  93  8:06  Probe  
  93  8:11  Cybernetics Core, Pylon  
  93  8:12  Photon Cannon  
  90  8:13  Zealot x4  
  94  8:24  Protoss Air Weapons Level 1 (Chrono Boost)  
  94  8:25  Zealot x4  
  104  8:42  Phoenix x2 (Chrono Boost)  
  104  8:43  Anion Pulse-Crystals, Phoenix (Chrono Boost)  
  92  8:56  Photon Cannon  
  92  8:59  Pylon  
  92  9:00  Observer  
  92  9:01  Phoenix x2 (Chrono Boost)  
  92  9:02  Phoenix (Chrono Boost)  
  98  9:09  Photon Cannon  
  98  9:10  Shield Battery  
  98  9:12  Pylon  
  98  9:17  Phoenix (Chrono Boost)  
  98  9:18  Phoenix x2 (Chrono Boost)  
  104  9:27  Zealot x2  
  104  9:28  Zealot  
  110  9:40  Phoenix  
  110  9:41  Phoenix x2  
  110  9:44  Nexus, Shield Battery  
  110  9:45  Photon Cannon  
  116  9:49  Pylon  
  116  9:55  Shield Battery  
  116  10:06  Phoenix x2  
  125  10:23  Protoss Air Armor Level 1 (Chrono Boost)  
  125  10:27  Phoenix  
  121  10:30  Stargate x2  
  121  10:31  Phoenix x2  
  121  10:32  Shield Battery  
  121  10:33  Probe  
  121  10:34  Probe x2  
  128  10:37  Pylon  
  128  10:40  Photon Cannon  
  128  10:42  Photon Cannon  
  128  10:44  Shield Battery  
  128  10:46  Shield Battery  
  128  10:48  Pylon  
  128  10:52  Photon Cannon  
  128  10:55  Phoenix  
  128  10:56  Phoenix  
  132  10:58  Dark Shrine  
  132  11:06  Stalker x3  
  132  11:07  Zealot  
  132  11:08  Zealot x6  
  146  11:12  Phoenix  
  112  11:35  Zealot  
  112  11:36  Zealot x6  
  108  11:49  Phoenix x3  
  108  11:52  Protoss Air Weapons Level 2  
  114  12:01  Pylon  
  114  12:04  Pylon  
  114  12:07  Pylon, Probe x4  
  118  12:14  Pylon  
  118  12:16  Pylon  
  118  12:20  Assimilator  
  118  12:26  Pylon  
  118  12:29  Probe (Chrono Boost)  
  122  12:34  Probe (Chrono Boost)  
  122  12:35  Probe x2 (Chrono Boost)  
  122  12:41  Templar Archives, Probe (Chrono Boost)  
  122  12:42  Probe (Chrono Boost)  
  122  12:43  Probe x2 (Chrono Boost)  
  126  12:47  Zealot  
  126  12:50  Probe  
  129  12:53  Probe  
  129  12:55  Probe x2  
  132  12:59  Forge  
  132  13:00  Gateway  
  132  13:02  Probe  
  132  13:04  Flux Vanes  
  131  13:05  Probe  
  131  13:07  Void Ray x2  
  138  13:17  Probe  
  138  13:18  Probe x2  
  141  13:20  Assimilator  
  141  13:30  Robotics Bay  
  141  13:31  Zealot x2  
  141  13:32  Zealot x2  
  148  13:49  Zealot x3  
  159  13:59  Protoss Ground Weapons Level 2 (Chrono Boost), Stalker x3  
  159  14:00  Void Ray x2  
  171  14:24  Void Ray x2  
  175  14:48  Void Ray x3  
  173  14:54  Zealot x7  
  173  14:55  Zealot  
  189  15:01  Probe x4  
  197  15:07  Void Ray  
  197  15:14  Assimilator  
  197  15:15  Assimilator  
  153  15:40  Dark Templar x2  
  173  15:44  Dark Templar, Void Ray x4  
  173  15:45  Dark Templar  
  173  15:49  Dark Templar  
  183  15:50  Void Ray  
  183  15:51  Dark Templar  
  185  16:01  High Templar  
  185  16:02  High Templar  
  155  16:16  Dark Templar x3  
  144  16:24  Dark Templar x3  
  111  16:41  Archon x2  
  111  16:43  Archon  
  105  17:14  Dark Templar x5  
  109  17:36  Nexus  
  64  18:18  Observer  
  72  18:21  Void Ray x2  
  72  18:22  Void Ray  
  72  18:55  High Templar x2  
  74  18:56  Zealot x4  
  74  18:57  Zealot  
  74  19:01  Archon  
  86  19:19  Archon  
  86  19:20  Archon  
  86  19:33  Stalker x2  
Show
View Real Time Build Order
Export as new Build Order

PiG Zerg - Winner!

Build Orders: Hatch First 

Get SALT Encoding   

  12  0:00  Drone  
  13  0:10  Drone  
  14  0:15  Extractor  
  14  0:17  Drone  
  15  0:38  Hatchery  
  14  0:43  Extractor, Drone  
  14  0:49  Overlord  
  15  1:05  Spawning Pool  
  15  1:08  Drone  
  15  1:11  Drone  
  16  1:18  Drone  
  16  1:24  Drone  
  18  1:27  Extractor  
  18  1:31  Drone  
  18  1:41  Drone  
  19  1:51  Drone  
  19  1:52  Queen x2  
  24  1:55  Zergling x2  
  25  2:02  Drone  
  25  2:06  Overlord  
  26  2:12  Drone  
  27  2:20  Drone  
  28  2:24  Overlord  
  28  2:26  Drone  
  29  2:33  Drone  
  30  2:37  Drone  
  31  2:48  Drone x2  
  33  2:53  Queen  
  35  3:00  Drone, Overlord  
  35  3:02  Hatchery  
  35  3:07  Drone x2  
  35  3:08  Drone  
  35  3:12  Drone  
  39  3:16  Drone x3  
  39  3:18  Drone  
  43  3:22  Overlord  
  43  3:28  Overlord  
  43  3:35  Drone  
  43  3:38  Extractor  
  43  3:40  Drone  
  43  3:41  Drone x3  
  46  3:44  Drone  
  47  3:51  Extractor  
  46  3:56  Lair  
  46  3:58  Drone x2  
  46  3:59  Roach Warren  
  46  4:01  Extractor  
  46  4:02  Overlord  
  46  4:10  Drone  
  46  4:11  Drone x2  
  46  4:12  Drone x4  
  53  4:18  Drone  
  53  4:23  Drone  
  55  4:29  Overlord  
  55  4:30  Overlord  
  55  4:33  Drone x2  
  57  4:41  Drone x2  
  57  4:45  Spore Crawler, Roach x5  
  68  4:48  Roach  
  68  4:49  Roach x2  
  74  5:00  Roach x3  
  74  5:06  Roach x3  
  83  5:17  Roach x6  
  86  5:22  Ravager  
  86  5:25  Drone x2  
  83  5:30  Drone x3  
  84  5:41  Ravager  
  82  5:43  Drone x3  
  81  5:51  Drone x5  
  86  6:07  Drone x3  
  86  6:09  Overseer  
  89  6:12  Glial Reconstitution, Overlord x2  
  89  6:28  Extractor  
  89  6:30  Extractor  
  87  6:33  Spire  
  87  6:36  Drone x3  
  87  6:37  Drone  
  87  6:38  Drone x9, Evolution Chamber  
  98  6:41  Queen  
  98  6:45  Queen  
  102  6:49  Overlord x3  
  102  6:56  Overseer  
  102  7:05  Overlord x2  
  102  7:06  Zerg Missile Weapons Level 1  
  102  7:10  Roach x6  
  108  7:24  Drone x10  
  108  7:29  Infestation Pit  
  117  7:30  Drone  
  117  7:35  Hatchery  
  117  7:46  Overlord x3  
  117  7:57  Spore Crawler  
  114  8:09  Mutalisk x2  
  116  8:13  Drone x11  
  127  8:26  Extractor  
  122  8:27  Extractor  
  122  8:30  Queen  
  123  8:36  Drone x2  
  123  8:38  Drone x2  
  127  8:42  Drone  
  127  8:43  Drone x3  
  131  8:49  Spore Crawler  
  131  8:52  Overlord x3  
  130  9:07  Zerg Melee Weapons Level 1  
  130  9:08  Hive  
  130  9:10  Queen  
  130  9:12  Queen, Evolution Chamber  
  130  9:14  Overlord x2  
  130  9:16  Zergling x20  
  143  9:19  Ravager  
  143  9:20  Ravager  
  143  9:21  Ravager  
  146  9:33  Corruptor  
  146  9:34  Corruptor x7  
  146  9:36  Metabolic Boost  
  146  9:38  Zerg Ground Armor Level 1  
  162  9:42  Corruptor x4  
  170  9:46  Overseer  
  170  9:48  Pneumatized Carapace  
  170  9:50  Drone x3  
  173  10:01  Hatchery  
  172  10:10  Spine Crawler  
  172  10:12  Zergling x20, Spine Crawler  
  172  10:13  Zergling x10  
  180  10:32  Overseer  
  180  10:33  Ultralisk Cavern  
  179  10:36  Baneling Nest  
  179  10:41  Zergling x28  
  192  10:52  Overlord  
  192  10:59  Extractor  
  192  11:00  Extractor  
  185  11:06  Hatchery  
  160  11:19  Zergling x28  
  156  11:32  Chitinous Plating  
  141  11:33  Zerg Melee Weapons Level 2, Zerg Ground Armor Level 2  
  141  11:34  Adrenal Glands  
  112  11:48  Corruptor x12  
  127  11:54  Drone x2  
  127  11:55  Drone  
  127  11:58  Corruptor  
  127  12:00  Zerg Flyer Armor Level 1  
  130  12:07  Spore Crawler x2  
  128  12:09  Spore Crawler  
  128  12:11  Corruptor x3  
  128  12:14  Corruptor  
  135  12:33  Drone  
  135  12:34  Drone x12  
  148  12:37  Corruptor  
  148  12:38  Corruptor x2  
  148  12:44  Ultralisk  
  160  12:51  Anabolic Synthesis  
  156  13:00  Overlord  
  156  13:05  Corruptor x2  
  155  13:09  Corruptor x3  
  165  13:15  Ultralisk  
  165  13:16  Ultralisk  
  165  13:17  Viper x2  
  183  13:23  Centrifugal Hooks  
  183  13:26  Baneling x3  
  180  13:37  Drone x2  
  180  13:38  Drone  
  176  13:41  Drone  
  176  13:42  Drone x15  
  180  13:48  Hatchery  
  178  14:00  Infestor x2  
  177  14:12  Ultralisk x3  
  177  14:15  Drone  
  177  14:16  Drone, Overlord  
  177  14:17  Overlord x4  
  193  14:27  Overlord x3  
  193  14:38  Overlord x2  
  189  14:40  Spire  
  181  15:04  Ultralisk x3  
  199  15:07  Zerg Ground Armor Level 3, Zerg Melee Weapons Level 3  
  199  15:13  Spine Crawler  
  198  15:15  Spore Crawler  
  198  15:20  Extractor  
  185  15:28  Hatchery  
  181  15:37  Spire  
  180  15:43  Drone x7, Spine Crawler  
  180  15:44  Spine Crawler  
  185  15:58  Baneling x7  
  172  16:15  Ultralisk x3  
  171  16:19  Corruptor x2  
  171  16:20  Corruptor x9  
  179  16:33  Overseer x2  
  179  16:34  Overseer x2  
  179  16:36  Drone x3  
  179  16:37  Drone x4  
  172  16:45  Drone x5, Spore Crawler  
  156  17:01  Viper  
  156  17:03  Viper  
  160  17:11  Drone x3  
  160  17:12  Drone x3  
  160  17:15  Drone x5  
  171  17:19  Drone  
  170  17:26  Drone x6  
  170  17:27  Drone x3  
  132  17:53  Spore Crawler  
  132  17:54  Drone x2  
  132  17:55  Drone x3  
  128  18:10  Corruptor x5  
  132  18:14  Spore Crawler  
  132  18:16  Overlord  
  132  18:18  Spore Crawler  
  130  18:20  Zergling x12  
  136  18:33  Hatchery  
  133  18:38  Overseer x2  
  126  19:14  Overlord x4  
  126  19:19  Hatchery  
  125  19:50  Overlord x5  
  125  19:51  Overlord  
  121  20:13  Viper x2  
  110  20:16  Corruptor x5  
  115  20:21  Spore Crawler  
  112  20:32  Spore Crawler  
  111  20:39  Overseer  
  111  21:30  Queen  
  106  21:36  Spawning Pool  
  69  21:54  Spore Crawler  
  62  22:05  Spore Crawler  
  62  22:06  Spore Crawler  
  62  22:07  Zergling x12, Spore Crawler  
  65  22:28  Queen  
  67  22:30  Queen  
  69  22:40  Spore Crawler  
  69  22:41  Spore Crawler  
  67  22:47  Spore Crawler  
  67  22:48  Spore Crawler  
  61  22:51  Spore Crawler  
  61  22:52  Spore Crawler  
  61  22:53  Spore Crawler x2  
  61  22:56  Spore Crawler  
  50  23:08  Drone x7  
  57  23:37  Hatchery  
  57  23:51  Overlord x2  
  57  24:07  Hatchery  
Tags
 
Add a new tag
Caveats
  • Supply blocks, unpowered buildings, or Contaminate may cause inaccurate times.
  • Supply counts are checked every 10 seconds.